 Dungeon Crawl Stone Soup version 0.16.1-12-gf5c4a84 (webtiles) character file.

308 jacksonaction the Conjurer (level 6, -1/32 HPs)
             Began as a Deep Elf Conjurer on Apr 10, 2015.
             Slain by Zell789's ghost (13 damage)
             ... on level 4 of the Dungeon.
             The game lasted 00:20:18 (3800 turns).

jacksonaction the Conjurer (Deep Elf Conjurer)      Turns: 3800, Time: 00:20:18

Health: -1/32      AC:  2    Str:  5    XL:     6   Next: 16%
Magic:  13/20      EV: 13    Int: 22    God:
Gold:   138        SH:  0    Dex: 15    Spells: 4 memorised, 1 level left

rFire  . . .     SeeInvis .     (no weapon)
rCold  . . .     Clarity  .     a - +0 robe
rNeg   . . .     SustAb   .     (no shield)
rPois  .         Gourm    .     (no helmet)
rElec  .         Spirit   .     (no cloak)
rCorr  .         Warding  .     (no gloves)
rMut   .         Stasis   .     (no boots)
MR     .....                    (no amulet)
Stlth  ++........               (no ring)
                                (no ring)

@: not resistant to hostile enchantments, unstealthy
A: no striking features
a: no special abilities


You were on level 4 of the Dungeon.
You were not hungry.

You visited 1 branch of the dungeon, and saw 4 of its levels.

You collected 138 gold pieces.

Inventory:

Hand weapons
 v - a +2 dagger of speed
Missiles
 r - 12 poisoned needles
Armour
 a - a +0 robe (worn)
 m - a +2 robe of resistance
 s - a cursed +0 robe
 x - a +0 cloak
Jewellery
 i - a cursed amulet of inaccuracy {unknown}
 q - an uncursed ring of fire {unknown}
Magical devices
 e - a wand of invisibility (0)
Scrolls
 g - a scroll of fear {unknown}
 l - a scroll of magic mapping {unknown}
 n - 4 scrolls of identify {unknown}
 o - a scroll of teleportation {unknown}
 p - a scroll of noise {unknown}
 y - a scroll of remove curse {unknown}
 z - a scroll of recharging {unknown}
Potions
 d - a potion of resistance {unknown}
 h - a potion of might {unknown}
 j - 2 potions of brilliance {unknown}
 k - 3 potions of curing {unknown}
 t - a potion of invisibility {unknown}
 w - 2 potions of restore abilities {unknown}
 B - a potion of poison {unknown}
Books
 c - a book of Conjurations

   Spells                             Type                      Level
   a - Magic Dart                     Conjuration                  1
   b - Searing Ray                    Conjuration                  2
   c - Dazzling Spray                 Conjuration/Hexes            3
   d - Fulminant Prism                Conjuration/Hexes            4
   e - Iskenderun's Mystic Blast      Conjuration                  4
   f - Iskenderun's Battlesphere      Conjuration/Charms           5
Comestibles
 b - 3 bread rations
 f - 2 beef jerkies
 u - a meat ration


   Skills:
 - Level 2.4 Dodging
 - Level 2.4 Stealth
 - Level 4.0 Spellcasting
 + Level 7.9 Conjurations


You had one spell level left.
You knew the following spells:

 Your Spells              Type           Power        Failure   Level  Hunger
a - Magic Dart            Conj           ####         1%          1    None
b - Searing Ray           Conj           #####.       1%          2    #......
c - Iskenderun's Mystic   Conj           #####...     6%          4    ####...
d - Iskenderun's Battles  Conj/Chrm      ###.....     75%         5    ######.


Dungeon Overview and Level Annotations

Branches:
Dungeon (4/15)
 Temple: D:4-7

Altars:
Trog

Annotations:
D:4 Zell789's ghost, experienced CeGl


Message History

Zell789's ghost hits you!
The searing ray hits Zell789's ghost.
Zell789's ghost is moderately damaged.
Zell789's ghost hits you!
The searing ray hits Zell789's ghost.
Zell789's ghost is severely damaged.
Zell789's ghost closely misses you. Zell789's ghost barely misses you.
Casting: Searing Ray
Confirm with . or Enter, or press ? or * to list all spells.
Aiming: Searing Ray
Press: ? - help, Shift-Dir - straight line, f/p - Zell789's ghost
Aim: Zell789's ghost (severely damaged)
The searing ray hits Zell789's ghost.
Zell789's ghost is severely damaged.
Zell789's ghost hits you.
The searing ray hits Zell789's ghost.
Zell789's ghost is severely damaged.
Zell789's ghost hits you!
You die...

#. ###.######
#...####........#
#.$.............#
#.....##........#
...?.).
#........#
..####.
#........# . #.
#.[......# #.
#..W.....# #.
###@###### #. #.#
. #)# #.# # ##.#
#..#.####
#......# #...##.#
..#######.#.#.#


You could see Zell789's ghost.

Vanquished Creatures
  An ice beast (D:3)
  An orc priest (D:3)
  Crazy Yiuf (D:2)
  Ijyb (D:2)
  Jessica (D:2)
  2 adders
  2 worms (D:2)
  3 giant geckos
  An ooze (D:2)
  4 orcs (D:3)
  15 bats
  2 giant cockroaches
  7 goblins
  10 hobgoblins
  9 jackals
  14 kobolds
  A quokka (D:3)
  6 giant newts
  11 rats
  A fungus (D:2)
93 creatures vanquished.

Notes
Turn   | Place    | Note
--------------------------------------------------------------
     0 | D:1      | jacksonaction, the Deep Elf Conjurer, began the quest for the Orb.
     0 | D:1      | Reached XP level 1. HP: 10/10 MP: 5/5
   247 | D:1      | Reached XP level 2. HP: 15/15 MP: 4/8
   251 | D:1      | Learned a level 2 spell: Searing Ray
   863 | D:2      | Reached skill level 5 in Conjurations
   863 | D:2      | Reached XP level 3. HP: 19/19 MP: 8/12
   996 | D:2      | Noticed Jessica
  1000 | D:2      | Killed Jessica
  1159 | D:2      | Reached XP level 4. HP: 24/24 MP: 13/15
  1165 | D:2      | Learned a level 4 spell: Iskenderun's Mystic Blast
  1226 | D:2      | Noticed Ijyb
  1235 | D:2      | Killed Ijyb
  1327 | D:2      | Reached skill level 6 in Conjurations
  1886 | D:2      | Noticed Crazy Yiuf
  1896 | D:2      | Killed Crazy Yiuf
  1896 | D:2      | Reached XP level 5. HP: 2/28 MP: 1/18
  2405 | D:3      | Noticed an ice beast
  2416 | D:3      | Killed an ice beast
  2416 | D:3      | Reached skill level 7 in Conjurations
  2719 | D:3      | Reached XP level 6. HP: 6/32 MP: 8/20
  2921 | D:3      | Learned a level 5 spell: Iskenderun's Battlesphere
  3707 | D:4      | Found a bloodstained altar of Trog.
  3786 | D:4      | Noticed Zell789's ghost (experienced CeGl)
  3800 | D:4      | Slain by Zell789's ghost

Action                   |  1- 3 |  4- 6 || total
-------------------------+-------+-------++-------
Melee: Unarmed           |       |    63 ||    63
 Cast: Magic Dart        |    65 |    90 ||   155
       Searing Ray       |     3 |    12 ||    15
Evoke: Wand              |       |     1 ||     1
  Eat: Chunk             |     1 |     8 ||     9
